 Dungeon Crawl Stone Soup version 0.29.1-12-g30fa7ad0bf (webtiles) character file.

Game seed: 14792600533354044838

248 trigross the Slasher (level 5, 0/47 HPs)
             Began as a Minotaur Fighter on Dec 15, 2022.
             Was a Priest of Cheibriados.
             Slain by a lemure (8 damage)
             ... led by Pikel
             ... on level 4 of the Dungeon.
             The game lasted 00:09:58 (2521 turns).

trigross the Slasher (Minotaur Fighter)             Turns: 2521, Time: 00:09:59

Health: 0/47       AC:  8    Str: 29    XL:     5   Next: 86%
Magic:  4/4        EV: 10    Int: 11    God:    Cheibriados [***...]
Gold:   146        SH:  5    Dex: 15    Spells: 4/4 levels left

rFire   + . .      SeeInvis .   a - +0 long sword
rCold   x . .      Faith    .   c - +0 buckler
rNeg    . . .      Spirit   .   b - +0 scale mail
rPois   .          Reflect  .   (helmet restricted)
rElec   .          Harm     .   e - +0 cloak
rCorr   .          Rampage  .   (no gloves)
Will    .....                   (no boots)
Stlth   ..........              (no amulet)
HPRegen 0.15/turn               p - ring of fire
MPRegen 0.09/turn               (no ring)

@: very slow
A: horns 2, retaliatory headbutt
a: Renounce Religion, Bend Time, Temporal Distortion


You were on level 4 of the Dungeon.
You worshipped Cheibriados.
Cheibriados was most pleased with you.
You visited 1 branch of the dungeon, and saw 4 of its levels.

You collected 146 gold pieces.

Inventory:

Hand Weapons
 a - a +0 long sword (weapon)
Missiles
 f - a throwing net (quivered)
Armour
 b - a +0 scale mail (worn)
 c - a +0 buckler (worn)
 e - a +0 cloak (worn)
Magical Staves
 o - a staff of conjuration
Jewellery
 p - a ring of fire (left hand)
Scrolls
 g - 2 scrolls of teleportation
 h - a scroll of summoning
 j - a scroll of butterflies
 k - a scroll of immolation
 m - a scroll of amnesia
Potions
 d - a potion of berserk rage {unknown}
 i - 2 potions of heal wounds {unknown}
 l - a potion of might
 n - 2 potions of curing {unknown}
 q - a potion of brilliance


   Skills:
 * Level 4.3 Fighting
 * Level 5.3 Long Blades
 * Level 4.8 Armour
 * Level 1.7 Dodging
 * Level 4.4 Shields


You had 4 spell levels left.
You didn't know any spells.
Your spell library was empty.

Dungeon Overview and Level Annotations

Branches:
Dungeon (4/15)
 Temple: D:4-7

Altars:
Cheibriados
The Shining One

Annotations:
D:4 Pikel


Innate Abilities, Weirdness & Mutations

You have a pair of horns on your head.
You reflexively headbutt those who attack you in melee.


Message History

Cheibriados thoroughly appreciates the change of pace.
You can now warp the flow of time around you.
You barely miss the lemure. The lemure barely misses you.
You furiously retaliate!
You headbutt the lemure! The lemure barely misses you.
The lemure closely misses you.
You hit the lemure.
The lemure is moderately wounded.
The lemure hits you but does no damage. The lemure misses you.
You furiously retaliate!
You headbutt the lemure! You block the lemure's attack.
You closely miss the lemure. Your headbutt misses the lemure.
The lemure is moderately wounded.
You block the lemure's attack. The lemure closely misses you.
The lemure hits you. The lemure hits you but does no damage.
You barely miss the lemure.
The lemure is moderately wounded.
The lemure hits you but does no damage. The lemure barely misses you.
You furiously retaliate!
You headbutt the lemure! You block the lemure's attack.
The lemure hits you but does no damage.
You slash the lemure! Your headbutt misses the lemure.
The lemure is severely wounded.
The lemure closely misses you. The lemure misses you.
The lemure completely misses you. The lemure hits you.
The lemure hits you but does no damage. You block the lemure's attack. x2
The lemure hits you.
You closely miss the lemure.
The lemure is severely wounded.
The lemure hits you.
* * * LOW HITPOINT WARNING * * *
You block the lemure's attack. x2; The lemure hits you but does no damage.
You slash the lemure!
You kill the lemure!
That felt strangely unrewarding.
The lemure hits you.
* * * LOW HITPOINT WARNING * * *
The lemure closely misses you. The lemure barely misses you.
You furiously retaliate!
You headbutt the lemure! You closely miss the lemure.
The lemure is heavily wounded.
The lemure hits you!
You die...

.... +..§5#....#
......#K≈r.'...#
#...... #†..#
.......##+###..##
....[...........##
..........†......##
..................#
#........55......##
##......5@..#.####
#......<.##.###
...........##
..........##
.........##
#.......##
#...#...# ######...
....


You could see 3 lemures.

Vanquished Creatures
  A lemure (D:4)
  A bullfrog (D:3)
  An orc priest (D:3)
  A hound (D:4)
  Jessica (D:3)
  4 adders
  5 orcs (D:3)
  9 endoplasms
  4 giant cockroaches
  4 goblins
  5 hobgoblins
  2 quokkas
  5 ball pythons
  4 bats
  2 frilled lizards (D:1)
  7 kobolds
  7 rats
63 creatures vanquished.

Notes
Turn   | Place    | Note
-------+----------+-------------------------------------------
     0 | D:1      | trigross the Minotaur Fighter began the quest for the Orb.
     0 | D:1      | Reached XP level 1. HP: 19/19 MP: 0/0
    61 | D:1      | Reached XP level 2. HP: 27/27 MP: 1/1
   148 | D:1      | Found a faded altar of an unknown god.
   158 | D:1      | Prayed at the altar of an unknown god.
   158 | D:1      | Became a worshipper of Cheibriados the Contemplative
   158 | D:1      | Reached * piety under Cheibriados
   644 | D:2      | Reached ** piety under Cheibriados
   645 | D:2      | Reached skill level 3 in Long Blades
   645 | D:2      | Reached XP level 3. HP: 33/33 MP: 2/2
  1220 | D:3      | Noticed Jessica
  1225 | D:3      | Killed Jessica
  1226 | D:3      | Reached skill level 1 in Dodging
  1226 | D:3      | Reached XP level 4. HP: 25/40 MP: 3/3
  1480 | D:3      | Reached skill level 4 in Long Blades
  1924 | D:3      | Reached XP level 5. HP: 46/46 MP: 4/4
  1937 | D:3      | Found a glowing golden altar of the Shining One.
  1986 | D:3      | Reached skill level 5 in Long Blades
  2503 | D:4      | Noticed a lemure
  2503 | D:4      | Noticed a lemure
  2503 | D:4      | Noticed a lemure
  2503 | D:4      | Noticed a lemure
  2503 | D:4      | Noticed Pikel
  2513 | D:4      | Reached *** piety under Cheibriados
  2520 | D:4      | Killed a lemure
  2521 | D:4      | Slain by a lemure

Illustrated notes

Levels and vault maps discovered:
D:1:      pf_arrival_petrified_forest, layout_rooms,
          nicolae_ecumenical_lake_church, kennysheep_pointless_box
D:2:      layout_loops_ring
D:3:      cheibrodos_pilgrimage, layout_basic, lemuel_doored_altar,
          serial_corexii_hall, corexii_hall_statues_s, corexii_hall_statues_x,
          corexii_hall_statues_i, corexii_hall_statues_l,
          chequers_hall_statues_wall_a, chequers_hall_statues_y, uniq_jessica
D:4:      layout_cave_pools, mainiacjoe_overflow_large_starburst,
          kennysheep_generic_room_14, uniq_ijyb, uniq_pikel

Skill      XL: |  1  2  3  4  5 |
---------------+----------------+-----
Shields        | 4 |  4.4
Armour         | 4 |  4.8
Fighting       | 4 |  4.3
Long Blades    | 3 4 5 |  5.3
Dodging        | 1 |  1.7

Action                   |  1- 3 |  4- 6 || total
-------------------------+-------+-------++-------
Melee: Long sword        |    73 |    58 ||   131
       Headbutt          |     6 |    14 ||    20
  Use: Scroll            |     2 |     4 ||     6
       Potion            |     2 |       ||     2
Armor: Scale mail        |    28 |    32 ||    60
Dodge: Dodged            |    28 |    41 ||    69
Block: Buckler           |     8 |    19 ||    27
